 Dungeon Crawl Stone Soup version 0.23-a0-622-g59b4ea9 (webtiles) character file.

9164 Cecillian the Slicer (level 11, -3/72 HPs)
             Began as a Kobold Hunter on Dec 22, 2018.
             Was an Initiate of Gozag.
             Slain by a hornet (10 damage)
             ... while paralysed by a hornet
             ... on level 11 of the Dungeon on Dec 23, 2018.
             The game lasted 00:49:33 (16874 turns).

Cecillian the Slicer (Kobold Hunter)               Turns: 16874, Time: 00:49:33

Health: -3/72      AC:  8    Str:  9    XL:     11   Next: 69%
Magic:  18/18      EV:  3    Int: 13    God:    Gozag
Gold:   1004       SH:  0    Dex: 19    Spells: 19/20 levels left

rFire    . . .     SeeInvis .   a - +1 hand crossbow
rCold    + . .     Gourm    .   (shield restricted)
rNeg     . . .     Faith    .   r - +0 ring mail
rPois    .         Spirit   .   F - +0 helmet
rElec    .         Reflect  .   (no cloak)
rCorr    .         Harm     .   (no gloves)
MR       .....                  l - +1 pair of boots
Stlth    +.........             (no amulet)
HPRegen  0.22/turn              I - ring of flight
MPRegen  0.16/turn              h - ring of protection from cold

@: paralysed, lethally poisoned (-3 -> -9), slowed
A: small, carnivore
a: Potion Petition, Call Merchant, Bribe Branch, Renounce Religion, Evoke Flight


You were on level 11 of the Dungeon.
You worshipped Gozag.
Gozag was most pleased with you.
You were hungry.

You visited 2 branches of the dungeon, and saw 12 of its levels.
You also visited: Ice Cave.

You collected 1920 gold pieces.
You spent 382 gold pieces at shops.
You paid 534 gold pieces to Gozag.

Inventory:

Hand Weapons
 a - a +1 hand crossbow (weapon)
 b - a +0 rapier
 c - a +0 blowgun
 s - a +1 dagger of draining
Missiles
 d - 3 bolts (quivered)
 n - 52 poisoned needles
Armour
 g - a +2 scale mail of magic resistance
 l - a +1 pair of boots (worn)
 r - a +0 ring mail (worn)
 y - the +3 scale mail of the New World {Int+5}
   (You found it on level 5 of the Dungeon)

   It affects your intelligence (+5).
 F - a +0 helmet (worn)
Jewellery
 h - a ring of protection from cold (right hand)
 o - an uncursed ring of see invisible
 p - the ring of Ascent {Wiz Dex+4}
   (You took it off a meliai on level 11 of the Dungeon)

   [ring of wizardry]

   It improves your spell success rate.
   It affects your dexterity (+4).
 q - an uncursed ring of resist corrosion
 I - a ring of flight (left hand)
 K - an uncursed ring of positive energy
Wands
 u - a wand of polymorph (2)
 x - a wand of flame (56)
 z - a wand of enslavement (4)
 C - a wand of iceblast (5)
 P - a wand of scattershot (3)
Scrolls
 i - 2 scrolls of fear
 k - 4 scrolls of blinking
 m - 4 scrolls of remove curse
 v - 4 scrolls of enchant armour
 w - 2 scrolls of immolation
 D - 3 scrolls of teleportation
 J - a scroll of amnesia
 M - 2 scrolls of vulnerability
 R - 2 scrolls of enchant weapon
Potions
 e - a potion of cancellation
 j - 5 potions of curing
 B - 2 potions of haste
 H - a potion of berserk rage
 L - a potion of heal wounds
 O - a potion of magic
 Q - 3 potions of might
 T - 2 potions of brilliance {unknown}
Comestibles
 f - 9 rations


   Skills:
 + Level 10.0 Fighting
 * Level 10.1 Short Blades
 - Level 10.0 Crossbows
 - Level 3.1 Armour
 - Level 8.2 Dodging
 - Level 1.3 Stealth
 - Level 5.2 Spellcasting
 - Level 4.2 Necromancy
 - Level 2.2 Evocations


You had 19 spell levels left.
You knew the following spells:

 Your Spells              Type           Power        Failure   Level  Hunger
a - Animate Skeleton      Necr           N/A          9%          1    None

Your spell library contained the following spells:

 Spells                   Type           Power        Failure   Level  Hunger
 Apportation              Tloc           #.....       43%         1    None
 Confusing Touch          Hex            #.....       43%         1    None
 Corona                   Hex            #......      43%         1    None
 Flame Tongue             Conj/Fire      #....        43%         1    None
 Magic Dart               Conj           #...         43%         1    None
 Summon Small Mammal      Summ           #...         43%         1    None
 Blink                    Tloc           N/A          58%         2    ##.....
 Call Imp                 Summ           #.......     58%         2    ##.....
 Ensorcelled Hibernation  Hex/Ice        #.....       58%         2    ##.....
 Slow                     Hex            #.......     58%         2    ##.....
 Throw Flame              Conj/Fire      #.....       58%         2    ##.....
 Call Canine Familiar     Summ           #.......     82%         3    ###....
 Confuse                  Hex            #.......     82%         3    ###....
 Conjure Flame            Conj/Fire      #.......     82%         3    ###....
 Dazzling Spray           Conj/Hex       #.....       82%         3    ###....
 Inner Flame              Hex/Fire       #.......     82%         3    ###....
 Mephitic Cloud           Conj/Pois/Air  #.......     82%         3    ###....
 Summon Guardian Golem    Hex/Summ       #.......     82%         3    ###....
 Tukima's Dance           Hex            #.......     82%         3    ###....
 Sticky Flame             Conj/Fire      #.......     99%         4    ####...
 Summon Ice Beast         Ice/Summ       #.......     99%         4    ####...
 Summon Lightning Spire   Summ/Air       #.......     99%         4    ####...
 Bolt of Magma            Conj/Fire/Erth #.........   100%        5    ######.
 Fireball                 Conj/Fire      #.........   100%        5    ######.
 Iskenderun's Battlesphe  Conj/Chrm      #.......     100%        5    ######.
 Venom Bolt               Conj/Pois      #.........   100%        5    ######.
 Iron Shot                Conj/Erth      #.........   100%        6    #######
 Orb of Destruction       Conj           #.........   100%        7    #######
 Spellforged Servitor     Conj/Summ      #.........   100%        7    #######


Dungeon Overview and Level Annotations

Branches:
Dungeon (11/15)            Temple (1/1) D:6            Lair (0/6) D:11
    Orc (0/2) D:11

Altars:
Ashenzari
Cheibriados
Dithmenos
Elyvilon
Gozag
Hepliaklqana
Makhleb
Nemelex Xobeh
Okawaru
Qazlal
Sif Muna
Trog
Xom
Yredelemnul
Zin
The Shining One

Shops:
D:5 *   D:8 !   D:10 %*

Annotations:
D:3 2 transporters, Skryme's ghost, weakling FeWn


Innate Abilities, Weirdness & Mutations

You are small and have problems with some larger weapons.
You are carnivorous and can eat meat at any time.


Message History

You feel as though you will be slow longer.
The hornet barely misses you. x2
Evoke which item? (* to show all) (? for menu, Esc to quit)
Aiming: Enslavement
Press: ? - help, Shift-Dir - straight line, f/p - hornet
Aim: a hornet (chance to defeat MR: 43%)
The hornet resists with some effort.
The hornet stings you!
* * * LOW HITPOINT WARNING * * *
You are poisoned.
You feel as though you will be slow longer.
The hornet stings you.
* * * LOW HITPOINT WARNING * * *
You suddenly lose the ability to move!
* * * LOW HITPOINT WARNING * * *
You feel sick.
The hornet stings you but does no damage.
* * * LOW HITPOINT WARNING * * *
You feel sick. The hornet stings you!
You die...
Your body crumbles into a pile of gold.

....#......###.####### *,*,*
..###..(...ยงยง........#***,*,****
.####.#'#...##<.......,,,,,,,,,*
.# #..#c#...#([#...).#*****,****
.###.##.##.....#.##...,,,,,,*
.##..#.###.....#.#*,##*******
.##.###..##......#*,*
.#..#####(#....####,*
.#.##.....##(..y@<#,*
...#c#######...####,*******
>.###.(().c##...,,,,,,,,,,*
..#*#######F#...#*,,,,,**,*
.##,,,,,,,,.##...*,,,,,,*,*
.#,,,,,,,,,..#...*,,,*,,*,*
##,,*,,**,,W.##$..,,,*,,,,*
*,*,**,,*,,...*,,,,,,**,***
*,*,***,***#.##*,,,,,**,*


You could see a hornet.

Vanquished Creatures
  An unseen horror (D:10)
  An ugly thing (D:10)
  Pikel (D:7)
  Joseph (D:7)
  A meliai (D:11)
  Grinder (D:3)
  A vampire (D:10)
  4 yaks (D:10)
  2 hungry ghosts
  A steam dragon (D:11)
  Menkaure (D:5)
  Edmund (D:5)
  An acid dragon (D:11)
  2 ice beasts
  4 orc warriors
  A black bear (D:5)
  2 sky beasts
  A slave (D:7)
  An eye of draining (D:8)
  2 necrophages
  6 ogres
  2 phantoms
  A crocodile (D:9)
  7 centaurs
  6 bullfrogs
  3 scorpions
  2 wyvern skeletons
  5 killer bees (D:8)
  5 wights (D:9)
  3 spriggan skeletons (D:10)
  A troll skeleton (D:10)
  3 electric eels (D:4)
  8 crimson imps
  A bullfrog zombie (D:6)
  3 hounds
  A centaur zombie (D:9)
  A bullfrog skeleton (D:11)
  4 orc priests
  9 jellies
  10 orc wizards
  2 centaur skeletons (D:10)
  2 iguanas
  3 iron imps (D:4)
  Ijyb (D:3)
  7 worker ants
  A worker ant zombie (D:6)
  8 gnolls (D:8)
  14 adders
  2 shadow imps
  5 oozes (D:9)
  2 worms
  4 dart slugs (D:1)
  6 leopard geckos
  30 orcs
  5 bats (D:1)
  7 giant cockroaches
  8 goblins
  10 hobgoblins
  9 jackals
  6 kobolds
  2 quokkas
  2 frilled lizards
  A jackal zombie (D:7)
  A quokka zombie (D:5)
  6 rats
255 creatures vanquished.

Vanquished Creatures (collateral kills)
  An orc wizard (D:9)
  An orc (D:9)
2 creatures vanquished.

Vanquished Creatures (others)
  A yak (D:10)
  A worker ant (D:9)
2 creatures vanquished.

Grand Total: 259 creatures vanquished

Notes
Turn   | Place    | Note
-------+----------+-------------------------------------------
     0 | D:1      | Cecillian the Kobold Hunter began the quest for the Orb.
     0 | D:1      | Reached XP level 1. HP: 12/12 MP: 1/1
   260 | D:1      | Reached skill level 5 in Crossbows
   366 | D:1      | Reached XP level 2. HP: 18/18 MP: 2/2
   672 | D:1      | Reached XP level 3. HP: 22/22 MP: 3/3
  1162 | D:2      | Reached XP level 4. HP: 13/28 MP: 4/4
  3012 | D:3      | Reached XP level 5. HP: 30/32 MP: 5/5
  3186 | D:3      | Noticed Grinder
  3189 | D:3      | Paralysed by Grinder for 5 turns
  3204 | D:3      | Killed Grinder
  3204 | D:3      | Reached XP level 6. HP: 39/39 MP: 6/6
  3414 | D:3      | Found a transporter.
  3418 | D:3      | Noticed an ogre
  3418 | D:3      | Noticed an ogre
  3419 | D:3      | Noticed Skryme's ghost (weakling FeWn)
  3420 | D:3      | Noticed an ogre
  3433 | D:3      | Found a transporter.
  3476 | D:3      | Noticed Ijyb
  3905 | D:3      | Killed Ijyb
  4218 | D:4      | Reached XP level 7. HP: 44/44 MP: 7/7
  4497 | D:4      | Learned a level 1 spell: Animate Skeleton
  4572 | D:4      | Found a transporter.
  4587 | D:4      | Found a transporter.
  4607 | D:4      | Reached skill level 5 in Fighting
  5310 | D:4      | Found a bloodstained altar of Trog.
  5388 | D:4      | Found a burning altar of Makhleb.
  5633 | D:4      | Reached XP level 8. HP: 27/50 MP: 8/8
  5984 | D:5      | Entered Level 5 of the Dungeon
  5989 | D:5      | Got a smelly scale mail
  6124 | D:5      | Identified the +3 scale mail of the New World {Int+5} (You
                  | found it on level 5 of the Dungeon)
  6225 | D:5      | Found an opulent altar of Gozag.
  6345 | D:5      | Became a worshipper of Gozag Ym Sagoz the Greedy
  6361 | D:5      | Noticed Edmund
  6386 | D:5      | Killed Edmund
  6386 | D:5      | Reached skill level 10 in Crossbows
  6612 | D:5      | Found Ysihut's General Store.
  6615 | D:5      | Bought a potion of heal wounds for 55 gold pieces
  6624 | D:5      | Noticed Menkaure
  6636 | D:5      | Killed Menkaure
  6791 | D:5      | Reached skill level 5 in Dodging
  6818 | D:5      | Found a stormy altar of Qazlal.
  7325 | D:5      | Reached XP level 9. HP: 55/56 MP: 9/9
  8010 | D:6      | Found a staircase to the Ecumenical Temple.
  8030 | Temple   | Entered the Ecumenical Temple
  8121 | Temple   | Upgraded the game from 0.23-a0-619-g281719c to
                  | 0.23-a0-622-g59b4ea9
  8358 | D:6      | Found an iron altar of Okawaru.
  8402 | D:6      | Reached skill level 1 in Short Blades
  8686 | D:7      | Reached skill level 1 in Spellcasting
  8819 | D:7      | Noticed Joseph
  8846 | D:7      | Killed Joseph
  8846 | D:7      | Reached skill level 5 in Short Blades
  8846 | D:7      | Reached XP level 10. HP: 63/63 MP: 11/14
  9166 | D:7      | Noticed Pikel
  9478 | D:7      | Killed Pikel
 10244 | D:8      | Reached skill level 1 in Armour
 10532 | D:8      | Found a glowing golden altar of the Shining One.
 10541 | D:8      | Found a basalt altar of Yredelemnul.
 10741 | D:8      | Found a deep blue altar of Sif Muna.
 10977 | D:8      | Found Nitsiw's Distillery.
 11356 | D:8      | Bought a potion of curing for 30 gold pieces
 11356 | D:8      | Bought a potion of curing for 30 gold pieces
 11665 | D:9      | Noticed a two-headed ogre
 11787 | D:9      | Reached skill level 1 in Evocations
 12339 | D:9      | Reached XP level 11. HP: 69/69 MP: 15/15
 13591 | D:10     | Entered Level 10 of the Dungeon
 13812 | D:10     | Found Duemyrgh's Assorted Antiques.
 13820 | D:10     | Bought a potion of lignification for 87 gold pieces
 14043 | D:10     | Noticed a cyan ugly thing
 14081 | D:10     | Killed a white ugly thing
 14081 | D:10     | Reached skill level 5 in Spellcasting
 15164 | D:10     | Noticed an unseen horror
 15314 | D:10     | Killed an unseen horror
 15500 | D:11     | Found a frozen archway.
 15514 | IceCv    | Entered an ice cave
 15779 | D:11     | Found a staircase to the Lair.
 15962 | D:11     | Reached skill level 10 in Fighting
 16004 | D:11     | Identified the +1 leather armour of Depression {MR- MP+9
                  | Str+4 SInv}
 16004 | D:11     | Identified the ring of Ascent {Wiz Dex+4}
 16006 | D:11     | Reached skill level 10 in Short Blades
 16014 | D:11     | Noticed a centaur warrior
 16196 | D:10     | Bought a ration for 60 gold pieces
 16196 | D:10     | Bought a ration for 60 gold pieces
 16196 | D:10     | Bought a ration for 60 gold pieces
 16554 | D:11     | Noticed a seven-headed hydra
 16866 | D:11     | Paralysed by a hornet for 2 turns
 16872 | D:11     | Paralysed by a hornet for 3 turns
 16874 | D:11     | Slain by a hornet

Vault maps used:
D:1:      matt_arrival_diagonals
D:3:      gammafunk_ghost_smash, serial_bayou_lake_a, uniq_ijyb, uniq_grinder
D:4:      gammafunk_steamed_eel, overflow_temple_1_default, demons_altar,
          hangedman_abyss_or_decor_lesser_grid, minmay_joined_circles
D:5:      nicolae_gozag_cash_rules_everything_around_me, lemuel_round_altar,
          serial_shops, nicolae_shop_window_shopping, first_ration, uniq_edmund,
          uniq_menkaure
D:6:      nicolae_overflow_crystal_walls, minmay_temple_entry_mini_moons,
          minivault_24
D:7:      grunt_ministairs_7, uniq_joseph, uniq_pikel
D:8:      gammafunk_temple_overflow_forgotten, serial_shops, shop
D:9:      minmay_spotlight, hangedman_little_slice_of_home
D:10:     serial_shops, shop, hangedman_tell_no_tales
D:11:     minmay_the_grid_triangle_9x9_recursive_2_mashed,
          minmay_orc_entry_guard_dogs, portal_ice_cave_entry_pillars_1
Temple:   eino_narrow_crystal_temple
IceCv:    ice_cave_small_necro

Skill      XL: |  1  2  3  4  5  6  7  8  9 10 11 |
---------------+----------------------------------+-----
Crossbows      | 5 6 7 8 9 10 | 10.0
Fighting       | 3 4 5 6 7 8 10 | 10.0
Dodging        | 6 8 |  8.2
Short Blades   | 5 7 10 | 10.1
Spellcasting   | 2 5 |  5.2
Necromancy     | 4 |  4.2
Armour         | 3 |  3.1
Evocations     | 2 |  2.2
Stealth        | |  1.3

Action                   |  1- 3 |  4- 6 |  7- 9 | 10-12 || total
-------------------------+-------+-------+-------+-------++-------
Melee: Short sword       |   134 |   121 |       |   225 ||   480
       Dagger            |       |    37 |   215 |   503 ||   755
       Rapier            |       |       |       |    10 ||    10
 Fire: Hand crossbow     |    10 |    41 |   226 |   318 ||   595
       Hunting sling     |       |       |       |    13 ||    13
       Blowgun           |       |       |       |     3 ||     3
Invok: Call Merchant     |       |       |       |     1 ||     1
Evoke: Wand              |       |       |     2 |    17 ||    19
  Use: Scroll            |       |     2 |    10 |    14 ||    26
       Potion            |       |       |     2 |     4 ||     6
 Stab: Sleeping          |     3 |       |       |       ||     3
       Distracted        |       |       |       |     3 ||     3
  Eat: Chunk             |     9 |     8 |     8 |       ||    25
       Ration            |       |       |     1 |    15 ||    16
Armor: Leather armour    |    39 |    38 |    21 |       ||    98
       Skin              |       |     3 |     2 |    10 ||    15
       Scale mail        |       |       |    94 |   243 ||   337
       Ring mail         |       |       |       |     5 ||     5
Dodge: Dodged            |   115 |   144 |   219 |   526 ||  1004

Table legend:
 A = Non-vault XP
 B = Vault XP
 C = Vault XP percentage of total XP
 D = Non-vault monster count
 E = Vault monster count
 F = Vault count percentage of total count
                 A         B        C        D         E       F
            +---------+---------+-------+---------+---------+-------
      Total |    9347 |    3745 |  28.6 |     225 |      31 |  12.1
            +---------+---------+-------+---------+---------+-------
        D:1 |      50 |       0 |   0.0 |      24 |       0 |   0.0
        D:2 |      74 |       0 |   0.0 |      20 |       0 |   0.0
        D:3 |      35 |     319 |  90.1 |      17 |       2 |  10.5
        D:4 |     306 |     278 |  47.6 |      19 |       7 |  26.9
        D:5 |     768 |     336 |  30.4 |      16 |       2 |  11.1
        D:6 |     803 |       0 |   0.0 |      16 |       0 |   0.0
        D:7 |    1128 |    1175 |  51.0 |      26 |       3 |  10.3
        D:8 |    1621 |       0 |   0.0 |      40 |       0 |   0.0
        D:9 |    1344 |     163 |  10.8 |      20 |       8 |  28.6
       D:10 |    2606 |    1047 |  28.7 |      19 |       7 |  26.9
       D:11 |     512 |     427 |  45.5 |       7 |       2 |  22.2
     Temple |     100 |       0 |   0.0 |       1 |       0 |   0.0
            +---------+---------+-------+---------+---------+-------
